Capitals vs Oilers (R1)

Created - 30 septembre 2014 at 19:07

Goals
1 2 3 T
Capitals 0 3 0 3
Oilers 3 3 1 7
Shots
1 2 3 T
Capitals 2 8 7 17
Oilers 9 9 9 27

1st period

1. Oilers , Joe Pavelski 2 (Ilya Kovalchuk, Jonathan Toews) at 14:49 (PP)
2. Oilers , Joe Pavelski 3 (Ilya Kovalchuk, Jonathan Toews) at 15:37
3. Oilers , Eric Nystrom 1 (Peter Regin, Duncan Keith) at 18:22

Penalties :
Bryce Salvador (Was) for Roughing (Minor) at 2:15, Phil Kessel (Was) for Hooking (Minor) at 14:42, Jarome Iginla (Was) for Slashing (Minor) at 16:04, Phil Kessel (Was) for Interference (Minor) at 19:54

2nd period

4. Oilers , Pavel Datsyuk 2 (Patrick Kaleta, Tomas Fleischmann) at 1:31 (PP)
5. Capitals , Nicklas Backstrom 1 (Ales Hemsky, Tom Poti) at 1:44
6. Oilers , Pavel Datsyuk 3 (Ian White) at 12:38
7. Oilers , Steve Begin 2 (Pavel Datsyuk) at 14:33 (SH)
8. Capitals , Jarome Iginla 4 (Sergei Gonchar, Tom Poti) at 17:52 (PP)
9. Capitals , Ryan Getzlaf 2 (Jarome Iginla) at 18:08

Penalties :
Thomas Vanek (Was) for High sticking (Minor) at 3:11, Joe Pavelski (Edm) for Hooking (Minor) at 14:27, Zach Bogosian (Edm) for Hooking (Minor) at 17:40

3rd period

10. Oilers , Peter Regin 1 (Eric Nystrom) at 7:35

Penalties :
Wayne Simmonds (Edm) for Holding Stick (Minor) at 16:25

Goalie Stats

Jonathan Bernier (Was), 14 saves from 17 shots - (0,824), 38:29 minutes
Tim Thomas (Was), 6 saves from 10 shots - (0,600), L, 1-1-0, 21:31 minutes
Cam Ward (Edm), 14 saves from 17 shots - (0,824), W, 2-2-0, 60:00 minutes

Players Stats for Capitals

Player Name              G  A  P  +/- PIM S  H  SB GA TA FO     MP     PP MP  PK MP  
------------------------------------------------------------------------------------
Ales Hemsky              0  1  1   1  0   0  1  0  0  0  0/1    17:14   1:44   0:03 
Anton Volchenkov         0  0  0  -2  0   0  0  4  1  1  0/0    20:33   1:25   3:27 
Bryce Salvador           0  0  0   0  2   1  0  0  1  0  0/0     9:14   0:00   0:00 
Chris Kunitz             0  0  0   0  0   1  3  3  0  1  1/1    19:24   1:44   1:50 
David Krejci             0  0  0  -1  0   0  0  0  0  0  3/4     5:35   0:00   0:15 
Jarome Iginla            1  1  2  -4  2   2  4  1  2  0  4/9    24:09   2:26   3:10 
Jay Harrison             0  0  0   0  0   0  0  0  0  0  0/0     8:57   0:00   0:00 
Nicklas Backstrom        1  0  1   1  0   1  1  0  0  1  7/12   19:26   1:44   2:51 
Paul Stastny             0  0  0   0  0   2  2  0  0  0  2/3    12:46   0:00   0:00 
Phil Kessel              0  0  0   0  4   0  0  0  1  0  0/0    13:11   0:00   0:00 
Ryan Getzlaf             1  0  1  -3  0   1  1  1  0  0  14/28  20:08   2:26   1:46 
Ryan Suter               0  0  0  -2  0   1  0  1  1  0  0/0    19:56   1:25   3:27 
Sergei Gonchar           0  1  1  -1  0   2  1  1  0  1  0/0    27:11   2:45   4:14 
Thomas Vanek             0  0  0  -3  2   4  2  0  2  1  0/1    24:10   2:26   3:01 
Tim Gleason              0  0  0   0  0   0  0  1  0  1  0/0     3:56   0:00   0:00 
Tom Poti                 0  2  2  -1  0   1  2  2  2  1  0/0    27:11   2:45   4:14 
Tyler Ennis              0  0  0   0  0   1  0  2  1  0  2/2    15:17   0:00   2:26 
Tyler Myers              0  0  0   0  0   0  0  0  0  0  0/0     3:56   0:00   0:00 

Players Stats for Oilers

Player Name              G  A  P  +/- PIM S  H  SB GA TA FO     MP     PP MP  PK MP  
------------------------------------------------------------------------------------
Christian Ehrhoff        0  0  0   0  0   0  2  1  0  1  0/0    20:57   2:36   0:00 
Duncan Keith             0  1  1   1  0   0  0  3  0  2  0/0    21:58   5:05   0:00 
Eric Nystrom             1  1  2   2  0   3  2  1  0  1  1/1    15:13   0:00   2:05 
Ian White                0  1  1   0  0   2  0  1  0  3  0/0    24:44   5:05   2:03 
Ilya Kovalchuk           0  2  2  -1  0   4  0  0  3  1  0/2    20:21   3:20   0:03 
Joe Pavelski             2  0  2  -1  2   3  1  0  1  0  1/1    20:35   3:20   0:00 
Jonathan Toews           0  2  2  -1  0   1  2  0  1  0  12/29  20:10   3:20   0:00 
Jordan Nolan             0  0  0   0  0   0  2  0  1  0  2/3     8:16   0:00   0:00 
Patrick Kaleta           0  1  1   1  0   1  1  1  0  0  0/0    16:49   4:21   0:00 
Pavel Datsyuk            2  1  3   2  0   6  4  1  1  0  8/15   21:58   4:21   2:05 
Peter Regin              1  1  2   2  0   2  2  0  0  0  4/9    14:29   0:00   2:05 
Rob Scuderi              0  0  0   1  0   0  1  1  0  0  0/0    14:55   0:00   2:07 
Scott Niedermayer        0  0  0   1  0   1  0  1  0  0  0/0    17:53   2:36   2:07 
Steve Begin              1  0  1   1  0   2  0  0  0  0  0/1     9:22   0:00   2:02 
Steve Staios             0  0  0   1  0   0  0  0  0  0  0/0     4:59   0:00   2:03 
Tomas Fleischmann        0  1  1   1  0   0  2  0  0  0  0/0    16:12   4:21   0:00 
Wayne Simmonds           0  0  0   2  2   2  2  0  0  2  0/0    12:23   0:00   0:00 
Zach Bogosian            0  0  0   2  2   0  0  1  0  1  0/0    14:33   0:00   0:00 

3 Stars

1 - Pavel Datsyuk (Edm)
2 - Eric Nystrom (Edm)
3 - Peter Regin (Edm)

Power Play

Capitals - 1 on 3 Attempt(s) - 33,33%
Oilers - 2 on 5 Attempt(s) - 40,00%

Penalty Kill

Capitals - 3 on 5 Attempt(s) - 60,00% - Score 0 goal in Penalty Kill
Oilers - 2 on 3 Attempt(s) - 66,67% - Score 1 goal in Penalty Kill

Official

Referees : Charron Francis and Jackson Dave
Linesman : Jean Morin and Don Henderson

Game Notes

Jonathan Bernier enters game at 1:31 of 2nd period

Finance

Level 1 -- Attendance: 4075 (67,92%) -- Ticket Income 444 175 $
Level 2 -- Attendance: 5000 (100,00%) -- Ticket Income 270 000 $
Level 3 -- Attendance: 1917 (95,85%) -- Ticket Income 61 344 $
Level 4 -- Attendance: 3917 (97,93%) -- Ticket Income 82 257 $
Luxury Box -- Attendance: 899 (89,90%) -- Ticket Income 147 436 $
Game was played at the Rexall Place
Total Attendance: 15808 (87,82%)
Total Ticket Income: 1 005 212 $
Other Income: 150 782 $
Total Income: 1 155 994 $

Capitals

5 vs 5 Forward 
   Center                   Left Wing                Right Wing               Time % Phy DF OF 
 1 Ryan Getzlaf             Thomas Vanek             Jarome Iginla            40     1   2  2  
 2 Nicklas Backstrom        Chris Kunitz             Ales Hemsky              30     1   2  2  
 3 Paul Stastny             Tyler Ennis              Phil Kessel              20     1   2  2  
 4 David Krejci             Jarome Iginla            Thomas Vanek             10     1   2  2  

5 vs 5 Defense 
   Defense                  Defense                                           Time % Phy DF OF 
 1 Tom Poti                 Sergei Gonchar                                    40     1   2  2  
 2 Anton Volchenkov         Ryan Suter                                        30     1   2  2  
 3 Bryce Salvador           Jay Harrison                                      20     1   2  2  
 4 Tim Gleason              Tyler Myers                                       10     1   2  2  

PowerPlay Forward 
   Center                   Left Wing                Right Wing               Time % Phy DF OF 
 1 Ryan Getzlaf             Thomas Vanek             Jarome Iginla            60     1   2  2  
 2 Nicklas Backstrom        Chris Kunitz             Ales Hemsky              40     1   2  2  

PowerPlay Defense
   Defense                  Defense                                           Time % Phy DF OF 
 1 Tom Poti                 Sergei Gonchar                                    60     1   2  2  
 2 Anton Volchenkov         Ryan Suter                                        40     1   2  2  

Penalty Kill 4 Players Forward 
   Center                   Wing                     Time % Phy DF OF 
 1 Jarome Iginla            Thomas Vanek             60     1   2  2  
 2 Ryan Getzlaf             Nicklas Backstrom        40     1   2  2  

Penalty Kill 4 Players Defense
   Defense                  Defense                  Time % Phy DF OF 
 1 Tom Poti                 Sergei Gonchar           60     1   2  2  
 2 Anton Volchenkov         Ryan Suter               40     1   2  2  

Penalty Kill - 3 Players Forward 
   Forward                                           Time % Phy DF OF 
 1 Jarome Iginla                                     60     1   2  2  
 2 Thomas Vanek                                      40     1   2  2  

Penalty Kill - 3 Players Defense
   Defense                  Defense                  Time % Phy DF OF 
 1 Tom Poti                 Sergei Gonchar           60     1   2  2  
 2 Anton Volchenkov         Ryan Suter               40     1   2  2  

4 vs 4 Forward 
   Center                   Wing                     Time % Phy DF OF 
 1 Jarome Iginla            Thomas Vanek             60     1   2  2  
 2 Ryan Getzlaf             Nicklas Backstrom        40     1   2  2  

4 vs 4 Defense
   Defense                  Defense                  Time % Phy DF OF 
 1 Tom Poti                 Sergei Gonchar           60     1   2  2  
 2 Anton Volchenkov         Ryan Suter               40     1   2  2  

Last Minutes Offensive
   Center                   Left Wing                Right Wing               Defense                  Defense                  
   Ryan Getzlaf             Thomas Vanek             Jarome Iginla            Tom Poti                 Sergei Gonchar           

Last Minutes Defensive
   Center                   Left Wing                Right Wing               Defense                  Defense                  
   Ryan Getzlaf             Thomas Vanek             Jarome Iginla            Tom Poti                 Sergei Gonchar           

Goaltenders
Starting : Tim Thomas               
Backup : Jonathan Bernier         

Extra Forwards
Normal : Paul Stastny, Phil Kessel, Tyler Ennis - PP : Paul Stastny, Phil Kessel - PK : Tyler Ennis
Extra Defensemen
Normal : Bryce Salvador, Jay Harrison, Tim Gleason - PP : Bryce Salvador - PK : Jay Harrison, Tim Gleason
Penalty Shots
Jarome Iginla, Thomas Vanek, Ryan Getzlaf, Nicklas Backstrom, Paul Stastny

Oilers

5 vs 5 Forward 
   Center                   Left Wing                Right Wing               Time % Phy DF OF 
 1 Jonathan Toews           Ilya Kovalchuk           Joe Pavelski             40     0   2  3  
 2 Pavel Datsyuk            Tomas Fleischmann        Patrick Kaleta           30     1   2  2  
 3 Peter Regin              Eric Nystrom             Wayne Simmonds           20     1   2  2  
 4 Jordan Nolan             Steve Begin              Pavel Datsyuk            10     1   2  2  

5 vs 5 Defense 
   Defense                  Defense                                           Time % Phy DF OF 
 1 Ian White                Christian Ehrhoff                                 37     1   2  2  
 2 Duncan Keith             Zach Bogosian                                     30     1   2  2  
 3 Scott Niedermayer        Rob Scuderi                                       26     1   2  2  
 4 Duncan Keith             Steve Staios                                      7      1   2  2  

PowerPlay Forward 
   Center                   Left Wing                Right Wing               Time % Phy DF OF 
 1 Jonathan Toews           Ilya Kovalchuk           Joe Pavelski             50     1   1  3  
 2 Pavel Datsyuk            Tomas Fleischmann        Patrick Kaleta           50     1   1  3  

PowerPlay Defense
   Defense                  Defense                                           Time % Phy DF OF 
 1 Ian White                Duncan Keith                                      50     0   2  3  
 2 Christian Ehrhoff        Scott Niedermayer                                 50     0   2  3  

Penalty Kill 4 Players Forward 
   Center                   Wing                     Time % Phy DF OF 
 1 Pavel Datsyuk            Steve Begin              50     1   3  1  
 2 Peter Regin              Eric Nystrom             50     1   3  1  

Penalty Kill 4 Players Defense
   Defense                  Defense                  Time % Phy DF OF 
 1 Ian White                Steve Staios             50     1   3  1  
 2 Scott Niedermayer        Rob Scuderi              50     1   3  1  

Penalty Kill - 3 Players Forward 
   Forward                                           Time % Phy DF OF 
 1 Pavel Datsyuk                                     50     1   4  0  
 2 Peter Regin                                       50     1   4  0  

Penalty Kill - 3 Players Defense
   Defense                  Defense                  Time % Phy DF OF 
 1 Ian White                Scott Niedermayer        50     1   4  0  
 2 Duncan Keith             Rob Scuderi              50     1   4  0  

4 vs 4 Forward 
   Center                   Wing                     Time % Phy DF OF 
 1 Jonathan Toews           Ilya Kovalchuk           50     0   2  3  
 2 Pavel Datsyuk            Joe Pavelski             50     0   2  3  

4 vs 4 Defense
   Defense                  Defense                  Time % Phy DF OF 
 1 Ian White                Christian Ehrhoff        50     1   2  2  
 2 Duncan Keith             Scott Niedermayer        50     1   2  2  

Last Minutes Offensive
   Center                   Left Wing                Right Wing               Defense                  Defense                  
   Pavel Datsyuk            Ilya Kovalchuk           Jonathan Toews           Ian White                Scott Niedermayer        

Last Minutes Defensive
   Center                   Left Wing                Right Wing               Defense                  Defense                  
   Pavel Datsyuk            Ilya Kovalchuk           Joe Pavelski             Ian White                Rob Scuderi              

Goaltenders
Starting : Cam Ward                 
Backup : Sebastien Caron          

Extra Forwards
Normal : Pavel Datsyuk, Eric Nystrom, Ilya Kovalchuk - PP : Peter Regin, Wayne Simmonds - PK : Wayne Simmonds
Extra Defensemen
Normal : Duncan Keith, Scott Niedermayer, Ian White - PP : Zach Bogosian - PK : Christian Ehrhoff, Zach Bogosian
Penalty Shots
Ilya Kovalchuk, Joe Pavelski, Pavel Datsyuk, Jonathan Toews, Peter Regin

% Time on Ice - Capitals

Lines # - Real PCT - Wanted PCT - Time Play
Normal Forward
1 - 35% - 40% - 16:40
2 - 30% - 30% - 14:26
3 - 25% - 20% - 12:09
4 - 10% - 10% - 4:54
Normal Defense
1 - 42% - 40% - 20:12
2 - 31% - 30% - 15:04
3 - 19% - 20% - 8:57
4 - 8% - 10% - 3:56
PP Forward
1 - 58% - 60% - 2:26
2 - 42% - 40% - 1:44
PP Defense
1 - 66% - 60% - 2:45
2 - 34% - 40% - 1:25
PK Forward
1 - 77% - 60% - 5:55
2 - 23% - 40% - 1:46
PK Defense
1 - 55% - 60% - 4:14
2 - 45% - 40% - 3:27
PK3 Forward
1 - 0% - 60%
2 - 0% - 40%
PK3 Defense
1 - 0% - 60%
2 - 0% - 40%
44 Forward
1 - 0% - 60%
2 - 0% - 40%
44 Defense
1 - 0% - 60%
2 - 0% - 40%
Last Minute Offensive  - 0:00
Last Minute Defensive  - 0:00
Total
Forward - 60:00
Defense - 60:00

% Time on Ice - Oilers

Lines # - Real PCT - Wanted PCT - Time Play
Normal Forward
1 - 35% - 40% - 16:57
2 - 25% - 30% - 11:56
3 - 25% - 20% - 12:03
4 - 15% - 10% - 7:13
Normal Defense
1 - 37% - 37% - 17:36
2 - 33% - 30% - 15:53
3 - 25% - 26% - 11:51
4 - 6% - 7% - 2:49
PP Forward
1 - 43% - 50% - 3:20
2 - 57% - 50% - 4:21
PP Defense
1 - 66% - 50% - 5:05
2 - 34% - 50% - 2:36
PK Forward
1 - 50% - 50% - 2:05
2 - 50% - 50% - 2:05
PK Defense
1 - 49% - 50% - 2:03
2 - 51% - 50% - 2:07
PK3 Forward
1 - 0% - 50%
2 - 0% - 50%
PK3 Defense
1 - 0% - 50%
2 - 0% - 50%
44 Forward
1 - 0% - 50%
2 - 0% - 50%
44 Defense
1 - 0% - 50%
2 - 0% - 50%
Last Minute Offensive  - 0:00
Last Minute Defensive  - 0:00
Total
Forward - 60:00
Defense - 60:00

Play by Play

1st period


0:01 of 1st period - Ryan Getzlaf wins face-off versus Jonathan Toews in neutral zone.
0:06 of 1st period - Slapshot by Thomas Vanek.
0:06 of 1st period - Stopped by Cam Ward with a rebound.
0:08 of 1st period - Slapshot by Sergei Gonchar.
0:08 of 1st period - Deflect By Ian White.
0:08 of 1st period - Stopped by Cam Ward with a rebound.
0:16 of 1st period - Backhand shot by Thomas Vanek.
0:16 of 1st period - Shot Misses the Net.
1:14 of 1st period - Wrist shot by Jarome Iginla.
1:14 of 1st period - Deflect By David Krejci.
1:14 of 1st period - Shot Blocked by Scott Niedermayer.
1:14 of 1st period - Puck is out of play.
1:15 of 1st period - David Krejci wins face-off versus Jonathan Toews in Oilers zone.
1:20 of 1st period - Wrist shot by David Krejci.
1:20 of 1st period - Shot Misses the Net.
1:22 of 1st period - Slapshot by Ryan Suter.
1:22 of 1st period - Deflect By Jarome Iginla.
1:22 of 1st period - Shot Misses the Net.
1:22 of 1st period - Puck is out of play.
1:23 of 1st period - Jonathan Toews wins face-off versus Ryan Getzlaf in Oilers zone.
1:23 of 1st period - Jonathan Toews is hit by Ryan Getzlaf.
1:33 of 1st period - Snap shot by Ilya Kovalchuk.
1:33 of 1st period - Stopped by Tim Thomas without a rebound.
1:34 of 1st period - Ryan Getzlaf wins face-off versus Pavel Datsyuk in Capitals zone.
1:45 of 1st period - Christian Ehrhoff is hit by Jarome Iginla and loses puck.
2:15 of 1st period - Minor Penalty to Bryce Salvador for Roughing.
2:16 of 1st period - Jonathan Toews wins face-off versus Jarome Iginla in Capitals zone.
3:37 of 1st period - Patrick Kaleta is hit by Chris Kunitz.
3:52 of 1st period - Tomas Fleischmann is hit by Nicklas Backstrom and loses puck.
3:59 of 1st period - Tom Poti is hit by Pavel Datsyuk and loses puck.
4:15 of 1st period - Penalty to Bryce Salvador is over, Bryce Salvador is back on ice.
4:22 of 1st period - Slapshot by Paul Stastny.
4:22 of 1st period - Shot Misses the Net.
4:57 of 1st period - Snap shot by Eric Nystrom.
4:57 of 1st period - Stopped by Tim Thomas with a rebound.
6:09 of 1st period - Anton Volchenkov is hit by Eric Nystrom and loses puck.
10:58 of 1st period - Jonathan Toews is hit by Ales Hemsky and loses puck.
11:22 of 1st period - Icing by Ian White.
11:23 of 1st period - Ryan Getzlaf wins face-off versus Peter Regin in Oilers zone.
12:15 of 1st period - Ryan Suter is hit by Pavel Datsyuk and loses puck.
13:02 of 1st period - Snap shot by Steve Begin.
13:02 of 1st period - Shot Blocked by Tyler Ennis.
13:36 of 1st period - Wrist shot by Scott Niedermayer.
13:36 of 1st period - Stopped by Tim Thomas without a rebound.
13:37 of 1st period - Tyler Ennis wins face-off versus Pavel Datsyuk in Capitals zone.
13:42 of 1st period - Scott Niedermayer is hit by Paul Stastny and loses puck.
14:17 of 1st period - Ian White is hit by Thomas Vanek.
14:23 of 1st period - Snap shot by Thomas Vanek.
14:23 of 1st period - Shot Misses the Net.
14:42 of 1st period - Minor Penalty to Phil Kessel for Hooking.
14:43 of 1st period - Jonathan Toews wins face-off versus Jarome Iginla in Capitals zone.
14:49 of 1st period - Snap shot by Joe Pavelski.
14:49 of 1st period - Goal by Joe Pavelski - Capitals : 0 - Oilers : 1.
14:50 of 1st period - Ryan Getzlaf wins face-off versus Jonathan Toews in neutral zone.
14:53 of 1st period - Jonathan Toews is hit by Thomas Vanek and loses puck.
15:06 of 1st period - Snap shot by Joe Pavelski.
15:06 of 1st period - Stopped by Tim Thomas without a rebound.
15:07 of 1st period - Nicklas Backstrom wins face-off versus Pavel Datsyuk in Capitals zone.
15:12 of 1st period - Tomas Fleischmann is hit by Chris Kunitz and loses puck.
15:37 of 1st period - Backhand shot by Joe Pavelski.
15:37 of 1st period - Goal by Joe Pavelski - Capitals : 0 - Oilers : 2.
15:38 of 1st period - Ryan Getzlaf wins face-off versus Jonathan Toews in neutral zone.
15:42 of 1st period - Off-side.
15:43 of 1st period - Jonathan Toews wins face-off versus Ryan Getzlaf in neutral zone.
15:55 of 1st period - Jarome Iginla is hit by Jonathan Toews and loses puck.
16:04 of 1st period - Minor Penalty to Jarome Iginla for Slashing.
16:05 of 1st period - Tyler Ennis wins face-off versus Jonathan Toews in Capitals zone.
16:30 of 1st period - Thomas Vanek is hit by Tomas Fleischmann and loses puck.
16:39 of 1st period - Snap shot by Patrick Kaleta.
16:39 of 1st period - Stopped by Tim Thomas with a rebound.
18:04 of 1st period - Penalty to Jarome Iginla is over, Jarome Iginla is back on ice.
18:20 of 1st period - Snap shot by Eric Nystrom.
18:20 of 1st period - Shot Misses the Net.
18:22 of 1st period - Snap shot by Eric Nystrom.
18:22 of 1st period - Goal by Eric Nystrom - Capitals : 0 - Oilers : 3.
18:23 of 1st period - Jonathan Toews wins face-off versus Jarome Iginla in neutral zone.
19:09 of 1st period - Nicklas Backstrom is hit by Wayne Simmonds and loses puck.
19:16 of 1st period - Ian White is hit by Chris Kunitz and loses puck.
19:46 of 1st period - Off-side.
19:47 of 1st period - Jordan Nolan wins face-off versus Paul Stastny in neutral zone.
19:52 of 1st period - Wrist shot by Steve Begin.
19:52 of 1st period - Deflect By Ryan Suter.
19:52 of 1st period - Stopped by Tim Thomas with a rebound.
19:54 of 1st period - Minor Penalty to Phil Kessel for Interference.
19:55 of 1st period - Jarome Iginla wins face-off versus Jonathan Toews in Capitals zone.
Goals for this period are 0 for Capitals vs 3 for Oilers.
Shots for this period are 2 for Capitals vs 9 for Oilers.

2nd period


0:01 of 2nd period - Jarome Iginla wins face-off versus Jonathan Toews in neutral zone.
0:06 of 2nd period - Duncan Keith is hit by Jarome Iginla and loses puck.
0:13 of 2nd period - Snap shot by Jonathan Toews.
0:13 of 2nd period - Shot Blocked by Jarome Iginla.
0:15 of 2nd period - Snap shot by Joe Pavelski.
0:15 of 2nd period - Shot Blocked by Tom Poti.
1:31 of 2nd period - Snap shot by Pavel Datsyuk.
1:31 of 2nd period - Goal by Pavel Datsyuk - Capitals : 0 - Oilers : 4.
1:31 of 2nd period - Jonathan Bernier enters game.
1:32 of 2nd period - Nicklas Backstrom wins face-off versus Ilya Kovalchuk in neutral zone.
1:44 of 2nd period - Snap shot by Nicklas Backstrom.
1:44 of 2nd period - Goal by Nicklas Backstrom - Capitals : 1 - Oilers : 4.
1:45 of 2nd period - Jonathan Toews wins face-off versus Ryan Getzlaf in neutral zone.
2:10 of 2nd period - Scott Niedermayer is hit by Tom Poti and loses puck.
3:11 of 2nd period - Minor Penalty to Thomas Vanek for High sticking.
3:12 of 2nd period - Pavel Datsyuk wins face-off versus Jarome Iginla in Capitals zone.
3:19 of 2nd period - Slapshot by Pavel Datsyuk.
3:19 of 2nd period - Shot Blocked by Tom Poti.
3:25 of 2nd period - Patrick Kaleta is hit by Tom Poti and loses puck.
3:35 of 2nd period - Icing by Tomas Fleischmann.
3:36 of 2nd period - Pavel Datsyuk wins face-off versus Ryan Getzlaf in Oilers zone.
3:42 of 2nd period - Off-side.
3:43 of 2nd period - Jarome Iginla wins face-off versus Jonathan Toews in neutral zone.
5:11 of 2nd period - Penalty to Thomas Vanek is over, Thomas Vanek is back on ice.
5:25 of 2nd period - Snap shot by Peter Regin.
5:25 of 2nd period - Shot Misses the Net.
5:27 of 2nd period - Slapshot by Wayne Simmonds.
5:27 of 2nd period - Shot Blocked by Anton Volchenkov.
5:29 of 2nd period - Slapshot by Rob Scuderi.
5:29 of 2nd period - Shot Misses the Net.
5:41 of 2nd period - Phil Kessel is hit by Jordan Nolan and loses puck.
8:50 of 2nd period - Sergei Gonchar is hit by Patrick Kaleta and loses puck.
10:40 of 2nd period - Slapshot by Eric Nystrom.
10:40 of 2nd period - Shot Blocked by Chris Kunitz.
10:49 of 2nd period - Icing by Peter Regin.
10:50 of 2nd period - David Krejci wins face-off versus Peter Regin in Oilers zone.
11:23 of 2nd period - Wrist shot by Ilya Kovalchuk.
11:23 of 2nd period - Deflect By Peter Regin.
11:23 of 2nd period - Stopped by Jonathan Bernier without a rebound.
11:24 of 2nd period - Peter Regin wins face-off versus Nicklas Backstrom in Capitals zone.
11:25 of 2nd period - Wrist shot by Eric Nystrom.
11:25 of 2nd period - Stopped by Jonathan Bernier without a rebound.
11:26 of 2nd period - Eric Nystrom wins face-off versus Nicklas Backstrom in Capitals zone.
11:50 of 2nd period - Off-side.
11:51 of 2nd period - Jonathan Toews wins face-off versus Ryan Getzlaf in neutral zone.
12:04 of 2nd period - Snap shot by Ilya Kovalchuk.
12:04 of 2nd period - Stopped by Jonathan Bernier with a rebound.
12:38 of 2nd period - Slapshot by Pavel Datsyuk.
12:38 of 2nd period - Goal by Pavel Datsyuk - Capitals : 1 - Oilers : 5.
12:39 of 2nd period - Nicklas Backstrom wins face-off versus Jonathan Toews in neutral zone.
13:06 of 2nd period - Anton Volchenkov is hit by Tomas Fleischmann.
14:14 of 2nd period - Snap shot by Nicklas Backstrom.
14:14 of 2nd period - Shot Blocked by Duncan Keith.
14:16 of 2nd period - Wrist shot by Chris Kunitz.
14:16 of 2nd period - Shot Blocked by Duncan Keith.
14:18 of 2nd period - Snap shot by Tom Poti.
14:18 of 2nd period - Shot Misses the Net.
14:20 of 2nd period - Slapshot by Sergei Gonchar.
14:20 of 2nd period - Stopped by Cam Ward without a rebound.
14:21 of 2nd period - Ryan Getzlaf wins face-off versus Jonathan Toews in Oilers zone.
14:27 of 2nd period - Minor Penalty to Joe Pavelski for Hooking.
14:28 of 2nd period - Pavel Datsyuk wins face-off versus Ryan Getzlaf in Oilers zone.
14:28 of 2nd period - Pavel Datsyuk is hit by Jarome Iginla.
14:33 of 2nd period - Snap shot by Steve Begin.
14:33 of 2nd period - Goal by Steve Begin - Capitals : 1 - Oilers : 6.
14:34 of 2nd period - Peter Regin wins face-off versus Ryan Getzlaf in neutral zone.
14:47 of 2nd period - Slapshot by Pavel Datsyuk.
14:47 of 2nd period - Stopped by Jonathan Bernier without a rebound.
14:48 of 2nd period - Pavel Datsyuk wins face-off versus Ryan Getzlaf in Capitals zone.
15:21 of 2nd period - Ales Hemsky is hit by Peter Regin.
16:04 of 2nd period - Icing by Chris Kunitz.
16:05 of 2nd period - Pavel Datsyuk wins face-off versus Nicklas Backstrom in Capitals zone.
16:20 of 2nd period - Wrist shot by Ryan Getzlaf.
16:20 of 2nd period - Deflect By Thomas Vanek.
16:20 of 2nd period - Stopped by Cam Ward without a rebound.
16:21 of 2nd period - Peter Regin wins face-off versus Thomas Vanek in Oilers zone.
16:27 of 2nd period - Penalty to Joe Pavelski is over, Joe Pavelski is back on ice.
16:33 of 2nd period - Off-side.
16:34 of 2nd period - Nicklas Backstrom wins face-off versus Ilya Kovalchuk in neutral zone.
17:26 of 2nd period - Snap shot by Paul Stastny.
17:26 of 2nd period - Shot Blocked by Eric Nystrom.
17:28 of 2nd period - Slapshot by Bryce Salvador.
17:28 of 2nd period - Stopped by Cam Ward with a rebound.
17:30 of 2nd period - Snap shot by Paul Stastny.
17:30 of 2nd period - Shot Misses the Net.
17:32 of 2nd period - Snap shot by Tyler Ennis.
17:32 of 2nd period - Stopped by Cam Ward with a rebound.
17:34 of 2nd period - Slapshot by Tyler Ennis.
17:34 of 2nd period - Shot Blocked by Duncan Keith.
17:40 of 2nd period - Minor Penalty to Zach Bogosian for Hooking.
17:41 of 2nd period - Ryan Getzlaf wins face-off versus Peter Regin in Oilers zone.
17:44 of 2nd period - Snap shot by Ryan Getzlaf.
17:44 of 2nd period - Deflect By Jarome Iginla.
17:44 of 2nd period - Stopped by Cam Ward without a rebound.
17:45 of 2nd period - Ryan Getzlaf wins face-off versus Peter Regin in Oilers zone.
17:48 of 2nd period - Slapshot by Thomas Vanek.
17:48 of 2nd period - Shot Blocked by Rob Scuderi.
17:50 of 2nd period - Wrist shot by Tom Poti.
17:50 of 2nd period - Shot Misses the Net.
17:52 of 2nd period - Wrist shot by Sergei Gonchar.
17:52 of 2nd period - Deflect By Jarome Iginla.
17:52 of 2nd period - Goal by Jarome Iginla - Capitals : 2 - Oilers : 6.
17:53 of 2nd period - Ryan Getzlaf wins face-off versus Jonathan Toews in neutral zone.
18:08 of 2nd period - Slapshot by Ryan Getzlaf.
18:08 of 2nd period - Goal by Ryan Getzlaf - Capitals : 3 - Oilers : 6.
18:09 of 2nd period - Jonathan Toews wins face-off versus Ryan Getzlaf in neutral zone.
18:18 of 2nd period - Slapshot by Jonathan Toews.
18:18 of 2nd period - Shot Misses the Net.
18:20 of 2nd period - Slapshot by Ian White.
18:20 of 2nd period - Stopped by Jonathan Bernier without a rebound.
18:21 of 2nd period - Ryan Getzlaf wins face-off versus Jonathan Toews in Capitals zone.
18:34 of 2nd period - Snap shot by Jonathan Toews.
18:34 of 2nd period - Stopped by Jonathan Bernier without a rebound.
18:35 of 2nd period - Nicklas Backstrom wins face-off versus Pavel Datsyuk in Capitals zone.
18:39 of 2nd period - Off-side.
18:40 of 2nd period - Pavel Datsyuk wins face-off versus Nicklas Backstrom in neutral zone.
18:40 of 2nd period - Pavel Datsyuk is hit by Sergei Gonchar.
18:44 of 2nd period - Snap shot by Pavel Datsyuk.
18:44 of 2nd period - Deflect By Patrick Kaleta.
18:44 of 2nd period - Shot Blocked by Sergei Gonchar.
18:44 of 2nd period - Puck is out of play.
18:45 of 2nd period - Chris Kunitz wins face-off versus Pavel Datsyuk in Capitals zone.
18:55 of 2nd period - Off-side.
18:56 of 2nd period - Jonathan Toews wins face-off versus Ryan Getzlaf in neutral zone.
Goals for this period are 3 for Capitals vs 3 for Oilers.
Shots for this period are 8 for Capitals vs 9 for Oilers.

3rd period


0:01 of 3rd period - Jonathan Toews wins face-off versus Ryan Getzlaf in neutral zone.
0:27 of 3rd period - Tom Poti is hit by Peter Regin.
1:15 of 3rd period - Wrist shot by Ilya Kovalchuk.
1:15 of 3rd period - Stopped by Jonathan Bernier with a rebound.
3:03 of 3rd period - Jarome Iginla is hit by Eric Nystrom and loses puck.
3:10 of 3rd period - Eric Nystrom is hit by Jarome Iginla and loses puck.
3:39 of 3rd period - Nicklas Backstrom is hit by Christian Ehrhoff and loses puck.
3:44 of 3rd period - Slapshot by Ian White.
3:44 of 3rd period - Shot Blocked by Chris Kunitz.
4:41 of 3rd period - Wrist shot by Joe Pavelski.
4:41 of 3rd period - Shot Blocked by Ryan Suter.
4:47 of 3rd period - Joe Pavelski is hit by Paul Stastny and loses puck.
5:36 of 3rd period - Jarome Iginla is hit by Rob Scuderi and loses puck.
6:30 of 3rd period - Icing by David Krejci.
6:31 of 3rd period - Jarome Iginla wins face-off versus Jordan Nolan in Capitals zone.
6:31 of 3rd period - Tom Poti is hit by Jordan Nolan and loses puck.
6:43 of 3rd period - Icing by David Krejci.
6:44 of 3rd period - Jonathan Toews wins face-off versus David Krejci in Capitals zone.
7:11 of 3rd period - Wrist shot by Chris Kunitz.
7:11 of 3rd period - Stopped by Cam Ward with a rebound.
7:13 of 3rd period - Wrist shot by Tom Poti.
7:13 of 3rd period - Shot Misses the Net.
7:15 of 3rd period - Wrist shot by Tom Poti.
7:15 of 3rd period - Shot Misses the Net.
7:19 of 3rd period - Snap shot by Chris Kunitz.
7:19 of 3rd period - Shot Misses the Net.
7:31 of 3rd period - Snap shot by Wayne Simmonds.
7:31 of 3rd period - Stopped by Jonathan Bernier without a rebound.
7:32 of 3rd period - Peter Regin wins face-off versus Ryan Getzlaf in Capitals zone.
7:35 of 3rd period - Snap shot by Peter Regin.
7:35 of 3rd period - Goal by Peter Regin - Capitals : 3 - Oilers : 7.
7:36 of 3rd period - Ryan Getzlaf wins face-off versus Jonathan Toews in neutral zone.
8:10 of 3rd period - Slapshot by Ales Hemsky.
8:10 of 3rd period - Shot Blocked by Christian Ehrhoff.
8:12 of 3rd period - Slapshot by Chris Kunitz.
8:12 of 3rd period - Shot Blocked by Pavel Datsyuk.
8:14 of 3rd period - Slapshot by Tom Poti.
8:14 of 3rd period - Shot Blocked by Ian White.
8:24 of 3rd period - Slapshot by Pavel Datsyuk.
8:24 of 3rd period - Stopped by Jonathan Bernier without a rebound.
8:25 of 3rd period - Paul Stastny wins face-off versus Peter Regin in Capitals zone.
8:32 of 3rd period - Snap shot by Phil Kessel.
8:32 of 3rd period - Deflect By Paul Stastny.
8:32 of 3rd period - Stopped by Cam Ward with a rebound.
8:52 of 3rd period - Ryan Getzlaf is hit by Jonathan Toews and loses puck.
8:57 of 3rd period - Snap shot by Ilya Kovalchuk.
8:57 of 3rd period - Shot Blocked by Ryan Getzlaf.
8:59 of 3rd period - Snap shot by Ian White.
8:59 of 3rd period - Deflect By Ilya Kovalchuk.
8:59 of 3rd period - Shot Misses the Net.
8:59 of 3rd period - Puck is out of play.
9:00 of 3rd period - Nicklas Backstrom wins face-off versus Jonathan Toews in Capitals zone.
9:49 of 3rd period - Tyler Ennis is hit by Wayne Simmonds and loses puck.
10:21 of 3rd period - Off-side.
10:22 of 3rd period - David Krejci wins face-off versus Steve Begin in neutral zone.
10:22 of 3rd period - David Krejci is hit by Pavel Datsyuk.
10:25 of 3rd period - Ryan Suter is hit by Pavel Datsyuk and loses puck.
10:38 of 3rd period - Backhand shot by Pavel Datsyuk.
10:38 of 3rd period - Stopped by Jonathan Bernier without a rebound.
10:39 of 3rd period - Jonathan Toews wins face-off versus Ales Hemsky in Capitals zone.
11:10 of 3rd period - Snap shot by Nicklas Backstrom.
11:10 of 3rd period - Shot Blocked by Zach Bogosian.
11:12 of 3rd period - Wrist shot by Ryan Suter.
11:12 of 3rd period - Stopped by Cam Ward without a rebound.
11:13 of 3rd period - Ryan Getzlaf wins face-off versus Pavel Datsyuk in Oilers zone.
11:28 of 3rd period - Slapshot by Thomas Vanek.
11:28 of 3rd period - Stopped by Cam Ward with a rebound.
11:57 of 3rd period - Slapshot by Rob Scuderi.
11:57 of 3rd period - Shot Misses the Net.
12:07 of 3rd period - Snap shot by Tom Poti.
12:07 of 3rd period - Stopped by Cam Ward without a rebound.
12:08 of 3rd period - Joe Pavelski wins face-off versus Jarome Iginla in Oilers zone.
12:33 of 3rd period - Ales Hemsky is hit by Christian Ehrhoff and loses puck.
12:57 of 3rd period - Slapshot by Ian White.
12:57 of 3rd period - Deflect By Tyler Ennis.
12:57 of 3rd period - Stopped by Jonathan Bernier with a rebound.
12:59 of 3rd period - Slapshot by Ian White.
12:59 of 3rd period - Shot Blocked by Anton Volchenkov.
13:21 of 3rd period - Snap shot by Thomas Vanek.
13:21 of 3rd period - Shot Blocked by Patrick Kaleta.
13:39 of 3rd period - Slapshot by Ilya Kovalchuk.
13:39 of 3rd period - Shot Misses the Net.
13:41 of 3rd period - Slapshot by Duncan Keith.
13:41 of 3rd period - Shot Blocked by Chris Kunitz.
13:53 of 3rd period - Wrist shot by Paul Stastny.
13:53 of 3rd period - Stopped by Cam Ward with a rebound.
14:11 of 3rd period - Wrist shot by Peter Regin.
14:11 of 3rd period - Shot Misses the Net.
14:13 of 3rd period - Wrist shot by Pavel Datsyuk.
14:13 of 3rd period - Stopped by Jonathan Bernier without a rebound.
14:14 of 3rd period - Jordan Nolan wins face-off versus Nicklas Backstrom in Capitals zone.
14:22 of 3rd period - Off-side.
14:23 of 3rd period - Nicklas Backstrom wins face-off versus Jonathan Toews in neutral zone.
14:51 of 3rd period - Slapshot by Chris Kunitz.
14:51 of 3rd period - Deflect By Ian White.
14:51 of 3rd period - Shot Misses the Net.
14:51 of 3rd period - Puck is out of play.
14:52 of 3rd period - Pavel Datsyuk wins face-off versus Ryan Getzlaf in Oilers zone.
15:43 of 3rd period - Wrist shot by Ilya Kovalchuk.
15:43 of 3rd period - Shot Misses the Net.
16:19 of 3rd period - Wrist shot by Tyler Ennis.
16:19 of 3rd period - Shot Misses the Net.
16:25 of 3rd period - Minor Penalty to Wayne Simmonds for Holding Stick.
16:26 of 3rd period - Ryan Getzlaf wins face-off versus Pavel Datsyuk in Oilers zone.
16:27 of 3rd period - Snap shot by Thomas Vanek.
16:27 of 3rd period - Stopped by Cam Ward without a rebound.
16:28 of 3rd period - Pavel Datsyuk wins face-off versus Ryan Getzlaf in Oilers zone.
18:25 of 3rd period - Penalty to Wayne Simmonds is over, Wayne Simmonds is back on ice.
18:33 of 3rd period - Wrist shot by Wayne Simmonds.
18:33 of 3rd period - Shot Misses the Net.
18:35 of 3rd period - Snap shot by Ilya Kovalchuk.
18:35 of 3rd period - Stopped by Jonathan Bernier with a rebound.
18:37 of 3rd period - Wrist shot by Joe Pavelski.
18:37 of 3rd period - Shot Blocked by Anton Volchenkov.
18:39 of 3rd period - Backhand shot by Joe Pavelski.
18:39 of 3rd period - Shot Blocked by Tyler Ennis.
18:41 of 3rd period - Snap shot by Jonathan Toews.
18:41 of 3rd period - Shot Blocked by Anton Volchenkov.
18:43 of 3rd period - Slapshot by Zach Bogosian.
18:43 of 3rd period - Deflect By Joe Pavelski.
18:43 of 3rd period - Shot Misses the Net.
18:43 of 3rd period - Puck is out of play.
18:44 of 3rd period - Paul Stastny wins face-off versus Jonathan Toews in Capitals zone.
18:53 of 3rd period - Phil Kessel is hit by Joe Pavelski and loses puck.
19:35 of 3rd period - Wrist shot by Peter Regin.
19:35 of 3rd period - Shot Blocked by Tim Gleason.
19:37 of 3rd period - Snap shot by Wayne Simmonds.
19:37 of 3rd period - Stopped by Jonathan Bernier without a rebound.
19:38 of 3rd period - Ryan Getzlaf wins face-off versus Jonathan Toews in Capitals zone.
Goals for this period are 0 for Capitals vs 1 for Oilers.
Shots for this period are 7 for Capitals vs 9 for Oilers.


Output by the SimonT Hockey Simulator (STHS) for François Prévost -- Original Page W3C XHTML 1.0 Valid
Hockey Simulator - Hockey Simulation - Hockey Manager